 Dungeon Crawl Stone Soup version 0.29-a0-878-g7b45a56547 (webtiles) character file.

Game seed: 11941407060681786068

253 Nato the Conjurer (level 6, -1/27 (36) HPs)
             Began as an Octopode Conjurer on July 20, 2022.
             Was an Initiate of Vehumet.
             Slain by a kobold brigand
             ... wielding a +1 dagger of draining
              (7 damage)
             ... on level 4 of the Dungeon.
             The game lasted 00:13:28 (4754 turns).

Nato the Conjurer (Octopode Conjurer)               Turns: 4754, Time: 00:13:29

HP:   -1/27 (36)    AC:  1    Str: 12    XL:     6   Next: 14%
MP:   4/13          EV: 13    Int: 23    God:    Vehumet [......]
Gold: 99            SH:  0    Dex: 10    Spells: 14/15 levels left

rFire   . . .      SeeInvis .   k - +0 sling
rCold   . . .      Faith    .   (no shield)
rNeg    . . .      Spirit   .   (helmet restricted)
rPois   .          Reflect  .   (no amulet)
rElec   .          Harm     .   n - +6 ring of strength
rCorr   .          Rampage  .   (no ring)
Will    .....      Rage     3%  (no ring)
Stlth   +++.......              (no ring)
HPRegen 0.09/turn               (no ring)
MPRegen 0.13/turn               (no ring)
                                (no ring)
                                (no ring)

@: very slightly contaminated, very heavily drained
A: almost no armour, amphibious, 8 rings, camouflage 1, gelatinous body 1,
(nimble swimmer 1), tentacles, berserk 1
a: Renounce Religion


You were on level 4 of the Dungeon.
You worshipped Vehumet.
Vehumet was noncommittal.
You visited 2 branches of the dungeon, and saw 5 of its levels.

You collected 99 gold pieces.

Inventory:

Hand Weapons
 k - a +0 sling (weapon)
Jewellery
 n - a +6 ring of strength (left tentacle)
Scrolls
 d - a scroll of brand weapon {unknown}
 e - a scroll of magic mapping {unknown}
 g - a scroll of fog {unknown}
 h - 3 scrolls of identify {unknown}
 i - 4 scrolls of poison {unknown}
 l - 2 scrolls of amnesia {unknown}
 o - a scroll of teleportation {unknown}
 q - a scroll of enchant weapon {unknown}
Potions
 a - a potion of magic
 b - a potion of flight
 c - a potion of mutation
 f - a potion of haste
 r - a potion of brilliance


   Skills:
 - Level 2.0 Dodging
 - Level 2.7 Stealth
 - Level 5.0 Spellcasting
 + Level 5.1 Conjurations


You had 14 spell levels left.
You knew the following spells:

 Your Spells              Type           Power      Damage    Failure   Level
a - Magic Dart            Conj           100%       1d8       1%          1

Your spell library contained the following spells:

 Spells                   Type           Power      Damage    Failure   Level
 Searing Ray              Conj           58%        2d6       1%          2
 Dazzling Flash           Conj/Hex       34%        N/A       10%         3
 Ensorcelled Hibernation  Hex/Ice        10%        N/A       14%         2
 Passwall                 Tmut/Erth      4%         N/A       14%         2
 Swiftness                Air            5%         N/A       28%         3
 Fulminant Prism          Conj/Hex       8%         3d7       32%         4
 Iskenderun's Mystic Bla  Conj/Tloc      17%        2d5       32%         4


Dungeon Overview and Level Annotations

Branches:
Dungeon (4/15)             Temple (1/1) D:4

Altars:
Ashenzari
Cheibriados
Fedhas
Nemelex Xobeh
Qazlal
Ru
Sif Muna
Trog
Uskayaw
Vehumet
Xom
Yredelemnul
Zin
The Shining One

Shops:
D:3 (*

Annotations:
D:3 Sigmund


Innate Abilities, Weirdness & Mutations

You cannot wear most types of armour.
You are amphibious.
You can wear up to eight rings at the same time.
Your skin changes colour to match your surroundings (Stealth+).
Your rubbery body absorbs attacks. (AC +1, EV +1)
((You are camouflaged when in or above water. (Stealth+)))
You have tentacles for arms and can constrict up to eight enemies at once.
You sometimes lose your temper in combat.


Message History

The kobold brigand closely misses you.
Casting: Magic Dart (safe; 1% risk of failure)
Confirm with . or Enter, or press ? or * to list all spells.
Aiming: Magic Dart (safe; 1% risk of failure)
Press: ? - help, Shift-Dir - straight line, f/p - kobold brigand
Aim: a kobold brigand, wielding a +1 dagger of draining and quivering curare-tipped darts (lightly wounded, 100% to hit)
The magic dart hits the kobold brigand.
The kobold brigand is moderately wounded.
The kobold brigand hits you with a +1 dagger of draining.
You feel drained.
Casting: Magic Dart (safe; 1% risk of failure)
Confirm with . or Enter, or press ? or * to list all spells.
Aiming: Magic Dart (safe; 1% risk of failure)
Press: ? - help, Shift-Dir - straight line, f/p - kobold brigand
Aim: a kobold brigand, wielding a +1 dagger of draining and quivering curare-tipped darts (moderately wounded, 100% to hit)
The magic dart hits the kobold brigand.
The kobold brigand is heavily wounded.
The kobold brigand hits you with a +1 dagger of draining!
You feel drained.
Casting: Magic Dart (safe; 1% risk of failure)
Confirm with . or Enter, or press ? or * to list all spells.
Aiming: Magic Dart (safe; 1% risk of failure)
Press: ? - help, Shift-Dir - straight line, f/p - kobold brigand
Aim: a kobold brigand, wielding a +1 dagger of draining and quivering curare-tipped darts (heavily wounded, 100% to hit)
The magic dart hits the kobold brigand.
The kobold brigand is heavily wounded.
The kobold brigand hits you with a +1 dagger of draining.
* * * LOW HITPOINT WARNING * * *
You feel drained.
* * * LOW HITPOINT WARNING * * *
Casting: Magic Dart (safe; 1% risk of failure)
Confirm with . or Enter, or press ? or * to list all spells.
Aiming: Magic Dart (safe; 1% risk of failure)
Press: ? - help, Shift-Dir - straight line, f/p - kobold brigand
Aim: a kobold brigand, wielding a +1 dagger of draining and quivering curare-tipped darts (heavily wounded, 100% to hit)
You miscast Magic Dart.
You are very lightly contaminated with residual magic.
Nothing appears to happen.
The kobold brigand hits you with a +1 dagger of draining!
You die...

#.....# ##. #.....#
######## ##.. #.....#
#......###..# #.....#
##.###....... #.....#
#.# ###..#.. #.....##
#.# ##....#. #......##
#.# #..#####
####.#..#####
#.####....#. #..#K#.@.#
#..###...#.. ##.#÷#.K.#
##.##..#.... #.#.#...#
#......#..# #>#.#...#
######.##.. #.#.÷.#.#
#.###. #..).##.##
#..### #..#..#..#
#####....
#..##..#.#####.........
#.####.........#######.


You could see a kobold brigand.

Vanquished Creatures
  A bullfrog (D:4)
  11 adders
  4 dart slugs
  4 orcs
  6 ball pythons
  7 endoplasms
  3 giant cockroaches
  5 goblins
  7 hobgoblins
  2 quokkas
  8 bats
  11 frilled lizards
  8 kobolds
  6 rats
83 creatures vanquished.

Vanquished Creatures (others)
  4 toadstools (D:1)
4 creatures vanquished.

Grand Total: 87 creatures vanquished

Notes
Turn   | Place    | Note
-------+----------+-------------------------------------------
     0 | D:1      | Nato the Octopode Conjurer began the quest for the Orb.
     0 | D:1      | Reached XP level 1. HP: 11/11 MP: 3/3
   176 | D:1      | Reached XP level 2. HP: 17/17 MP: 1/5
   427 | D:1      | Found a faded altar of an unknown god.
   821 | D:1      | Reached XP level 3. HP: 21/21 MP: 5/7
  1556 | D:2      | Reached XP level 4. HP: 27/27 MP: 5/9
  2079 | D:3      | Noticed Sigmund
  2353 | D:3      | Found a bloodstained altar of Trog.
  2447 | D:3      | Reached XP level 5. HP: 31/31 MP: 5/11
  2544 | D:3      | Found Wuiter's Antique Weapon Emporium.
  2603 | D:3      | Found Kuwnar's General Store.
  3987 | D:4      | Found a staircase to the Ecumenical Temple.
  3995 | Temple   | Entered the Ecumenical Temple
  4035 | Temple   | Became a worshipper of Vehumet
  4074 | D:4      | Reached skill level 5 in Spellcasting
  4261 | D:4      | Identified the +8 hammer of the Butterfly {freeze, *Noise
                  | Will+ Dex+2}
  4519 | D:4      | Reached skill level 5 in Conjurations
  4519 | D:4      | Reached XP level 6. HP: 12/36 MP: 4/13
  4745 | D:4      | Gained mutation: You sometimes lose your temper in combat.
                  | [potion of mutation]
  4749 | D:4      | HP: 1/32 [kobold brigand/+1 dagger of draining (1)]
  4754 | D:4      | Slain by a kobold brigand

Illustrated notes

Levels and vault maps discovered:
D:1:      ldierk_water_garden, layout_loops_cross, basic_ecumenical_altar
D:2:      layout_rooms
D:3:      minmay_wonky_spiral, layout_basic, mainiacjoe_overflow_24_doors,
          serial_shops, nicolae_diamond_shop,
          nicolae_shop_temple_entry_statues_fountains,
          nicolae_elevator_lobby_asterisk, uniq_sigmund
D:4:      cheibrodos_thug_alley, layout_rooms, minmay_temple_entry_arrows,
          uniq_crazy_yiuf_cottage
Temple:   nicolae_temple_ecumenical_triangle

Skill      XL: |  1  2  3  4  5 |
---------------+----------------+-----
Spellcasting   | 3 4 5 |  5.0
Conjurations   | 5 |  5.1
Dodging        | |  2.0
Stealth        | |  2.7

Action                   |  1- 3 |  4- 6 || total
-------------------------+-------+-------++-------
 Cast: Magic Dart        |    62 |   126 ||   188
  Use: Potion            |       |     7 ||     7
Armor: Skin              |     2 |     3 ||     5
Dodge: Dodged            |     4 |    23 ||    27

Table legend: (Time is in decaauts)
 A = Elapsed time spent in this place.
 B = Non-inter-level travel time spent in this place.
 C = Inter-level travel time spent in this place.
 D = Time resting spent in this place.
 E = Time spent auto-exploring this place.
 F = Levels seen in this place.
 G = Mean time per level.
                   A        B        C        D        E       F      G
               +--------+--------+--------+--------+--------+-----+--------+
         Total |   4763 |   4295 |    468 |   1254 |   2467 |   5 |  952.6 |
       Dungeon |   4714 |   4263 |    451 |   1254 |   2442 |   4 | 1178.5 |
        Temple |     49 |     32 |     17 |      0 |     25 |   1 |   49.0 |
               +--------+--------+--------+--------+--------+-----+--------+

Top non-repeatable levels by time:
     D:3: 1573 daAuts
     D:1: 1261 daAuts
     D:2: 1057 daAuts
     D:4: 822 daAuts
  Temple: 49 daAuts
